 Dungeon Crawl Stone Soup version 0.22.1-6-g1668fe2c40 (webtiles) character file.

1841 Honti the Cleaver (level 8, -1/72 HPs)
             Began as a Deep Dwarf Fighter on Jan 17, 2019.
             Was a Priest of Makhleb.
             Slain by an orc warrior
             ... wielding a +0 scimitar
              (15 damage)
             ... on level 6 of the Dungeon on Jan 18, 2019.
             The game lasted 00:14:31 (4002 turns).

Honti the Cleaver (Deep Dwarf Fighter)              Turns: 4002, Time: 00:14:32

Health: -1/72      AC:  9    Str: 22    XL:     8   Next: 87%
Magic:  4/4        EV:  8    Int:  9    God:    Makhleb [***...]
Gold:   503        SH: 10    Dex: 12    Spells: 7/7 levels left

rFire    + . .     SeeInvis .   a - +0 war axe
rCold    + . .     Gourm    .   c - +0 shield
rNeg     . . .     Faith    .   E - +1 ring mail {rC+}
rPois    +         Spirit   .   l - +0 helmet
rElec    .         Reflect  .   C - +0 cloak
rCorr    .         Harm     .   (no gloves)
MR       +....                  (no boots)
Stlth    +.........             I - amulet of rage
HPRegen  0.00/turn              J - ring of protection from fire
MPRegen  0.09/turn              H - ring of poison resistance

@: non-regenerating
A: damage resistance, heal wounds, sense surroundings 1, no regeneration
a: Heal Wounds, Minor Destruction, Lesser Servant of Makhleb, Renounce Religion,
Evoke Berserk Rage


You were on level 6 of the Dungeon.
You worshipped Makhleb.
Makhleb was most pleased with you.
You were not hungry.

You visited 1 branch of the dungeon, and saw 6 of its levels.
You also visited: Ossuary.

You collected 503 gold pieces.

Inventory:

Hand Weapons
 a - a +0 war axe (weapon)
 z - a +2 scimitar of flaming
Missiles
 A - 2 throwing nets (quivered)
Armour
 c - a +0 shield (worn)
 l - a +0 helmet (worn)
 C - a +0 cloak (worn)
 E - a +1 ring mail of cold resistance (worn)
Jewellery
 v - an uncursed ring of positive energy
 x - an uncursed amulet of magic regeneration
 H - a ring of poison resistance (right hand)
 I - an amulet of rage (around neck)
 J - a ring of protection from fire (left hand)
Wands
 u - a wand of disintegration (15)
 y - a wand of random effects (41)
 D - a wand of clouds (6)
 G - a wand of enslavement (8)
Scrolls
 b - 2 scrolls of identify
 e - a scroll of blinking
 h - a scroll of enchant armour
 k - a scroll of fog {unknown}
 n - a scroll of random uselessness {unknown}
 o - a scroll of enchant weapon {unknown}
 q - 3 scrolls of remove curse
Potions
 d - a potion of might
 i - a potion of berserk rage
 j - a potion of heal wounds {unknown}
 m - a potion of resistance {unknown}
 r - 3 potions of haste {unknown}
 s - a potion of curing {unknown}
 t - 2 potions of brilliance {unknown}
 w - 3 potions of degeneration {unknown}
 B - a potion of agility {unknown}
 F - 2 potions of flight {unknown}
Comestibles
 f - 14 rations


   Skills:
 + Level 3.7 Fighting
 * Level 11.4 Axes
 + Level 4.4 Armour
 + Level 4.4 Shields


You had 7 spell levels left.
You didn't know any spells.
Your spell library was empty.

Dungeon Overview and Level Annotations

Branches:
Dungeon (6/15)
 Temple: D:4-7

Altars:
Dithmenos
Hepliaklqana
Kikubaaqudgha
Makhleb
Okawaru
Qazlal
Trog


Innate Abilities, Weirdness & Mutations

You are resistant to damage.
You can heal yourself by infusing magical energy.
You passively map a small area around you.
You do not regenerate.


Message History

The orc warrior hits you with a scimitar!
You hit the orc warrior.
The orc warrior is severely wounded.
You block the orc warrior's attack.
You hit the orc warrior but do no damage.
The orc warrior is severely wounded.
You block the orc warrior's attack.
You hit the orc warrior.
The orc warrior is severely wounded.
You hit the orc warrior but do no damage.
The orc warrior is severely wounded.
The orc warrior hits you with a scimitar!!
You hit the orc warrior.
The orc warrior is almost dead.
The orc warrior hits you with a scimitar!
* * * LOW HITPOINT WARNING * * *
You hit the orc warrior.
The orc warrior is almost dead.
The orc warrior hits you with a scimitar!
You die...

* , , .. #. #. * #. , ,
#. , ##.## ,#.)o# * #@#
,, ,*,#.# , #,#.# ,
#.#.##### * #.......#
,, ###.....# , *
.#########..#
+##.......<##..#######
,......##.............#


You could see an orc warrior.

Vanquished Creatures
  Sigmund (D:5)
  A phantom (D:3)
  2 centaurs (D:5)
  An ogre (D:5)
  A big kobold (D:5)
  Blork the orc (D:4)
  An elf zombie (Ossuary)
  2 scorpions
  A water moccasin skeleton (D:4)
  3 crimson imps
  3 hounds
  A jelly (D:5)
  2 orc priests (D:4)
  Ijyb (D:3)
  An iguana (D:5)
  2 orc wizards (D:5)
  7 worker ants
  4 big kobold zombies (Ossuary)
  A hound zombie (D:5)
  A hound skeleton (D:4)
  2 mummies (Ossuary)
  A worker ant zombie (D:5)
  7 gnolls
  8 adders
  2 oozes
  An adder zombie (D:5)
  5 worms
  5 dart slugs
  3 leopard geckos
  18 orcs
  9 bats
  4 giant cockroaches
  4 gnoll zombies (Ossuary)
  3 goblins (D:1)
  10 hobgoblins
  9 jackals
  3 quokkas
  3 ball pythons (D:1)
  4 frilled lizards
  2 goblin zombies (Ossuary)
  12 kobolds
  A leopard gecko skeleton (D:4)
  3 orc zombies (Ossuary)
  14 rats
170 creatures vanquished.

Notes
Turn   | Place    | Note
-------+----------+-------------------------------------------
     0 | D:1      | Honti the Deep Dwarf Fighter began the quest for the Orb.
     0 | D:1      | Reached XP level 1. HP: 20/20 MP: 1/1
   113 | D:1      | Reached skill level 3 in Axes
   134 | D:1      | Reached XP level 2. HP: 27/27 MP: 2/2
   707 | D:2      | Reached XP level 3. HP: 26/33 MP: 2/2
   713 | D:2      | Reached skill level 4 in Axes
   741 | D:2      | Found a faded altar of an unknown god.
   882 | D:2      | Found an ancient bone altar of Kikubaaqudgha.
  1026 | D:2      | Reached XP level 4. HP: 36/40 MP: 2/2
  1178 | D:2      | Reached skill level 5 in Axes
  1216 | D:2      | Found a burning altar of Makhleb.
  1239 | D:2      | Became a worshipper of Makhleb the Destroyer
  1476 | D:3      | Noticed a phantom
  1495 | D:3      | Killed a phantom
  1495 | D:3      | Reached skill level 6 in Axes
  1495 | D:3      | Reached XP level 5. HP: 33/46 MP: 3/3
  1615 | D:3      | Noticed Ijyb
  1622 | D:3      | Killed Ijyb
  1666 | D:3      | Noticed a moth of wrath
  1669 | D:3      | Found a bloodstained altar of Trog.
  1677 | D:3      | Reached skill level 7 in Axes
  1678 | D:3      | Reached XP level 6. HP: 46/55 MP: 4/4
  1925 | D:3      | Reached * piety under Makhleb
  2066 | D:4      | Found an iron altar of Okawaru.
  2155 | D:4      | Reached skill level 8 in Axes
  2193 | D:4      | Found a shadowy altar of Dithmenos.
  2193 | D:4      | Noticed Blork the orc
  2205 | D:4      | Killed Blork the orc
  2205 | D:4      | Reached XP level 7. HP: 33/61 MP: 4/4
  2240 | D:4      | Reached skill level 9 in Axes
  2359 | D:4      | Reached ** piety under Makhleb
  2718 | D:5      | Entered Level 5 of the Dungeon
  2814 | D:5      | Reached skill level 10 in Axes
  2907 | D:5      | Found a stormy altar of Qazlal.
  2924 | D:5      | Reached XP level 8. HP: 67/68 MP: 4/4
  3143 | D:5      | Reached *** piety under Makhleb
  3294 | D:5      | Found a hazy altar of Hepliaklqana.
  3423 | D:5      | Reached skill level 11 in Axes
  3459 | D:5      | Noticed Sigmund
  3467 | D:5      | Killed Sigmund
  3786 | D:6      | Found a sand-covered staircase.
  3794 | Ossuary  | Entered an ossuary
  4002 | D:6      | Slain by an orc warrior

Skill      XL: |  1  2  3  4  5  6  7  8 |
---------------+-------------------------+-----
Axes           | 3 4 6 7 8 10 11 | 11.4
Fighting       | 3 |  3.7
Armour         | 4 |  4.4
Shields        | 4 |  4.4

Action                   |  1- 3 |  4- 6 |  7- 9 || total
-------------------------+-------+-------+-------++-------
Melee: War axe           |   108 |   178 |   308 ||   594
 Abil: Heal Wounds       |     2 |     3 |     4 ||     9
       Evoke Berserk Rag |       |       |     1 ||     1
  Use: Potion            |       |     1 |       ||     1
       Scroll            |       |       |     9 ||     9
  Eat: Chunk             |     1 |     4 |     7 ||    12
Armor: Scale mail        |    58 |    60 |    65 ||   183
       Ring mail         |       |       |    28 ||    28
Dodge: Dodged            |    22 |    63 |    76 ||   161
Block: Shield            |    61 |    77 |   142 ||   280
